 Dungeon Crawl Stone Soup version 0.22.1-6-g1668fe2c40 (webtiles) character file.

383 Kohma the Vexing (level 6, 0/28 HPs)
             Began as a Spriggan Enchanter on Jan 21, 2019.
             Succumbed to a worker ant's poison
             ... on level 4 of the Dungeon.
             The game lasted 00:20:43 (4867 turns).

Kohma the Vexing (Spriggan Enchanter)               Turns: 4867, Time: 00:20:43

Health: 0/28       AC:  0    Str:  9    XL:     6   Next: 47%
Magic:  12/15      EV: 24    Int: 24    God:
Gold:   153        SH:  0    Dex: 24    Spells: 9/15 levels left

rFire    . . .     SeeInvis +   g - +1 dagger (flame)
rCold    . . .     Gourm    .   (shield restricted)
rNeg     . . .     Faith    .   (armour restricted)
rPois    .         Spirit   .   (helmet restricted)
rElec    .         Reflect  .   (no cloak)
rCorr    +         Harm     .   (gloves unavailable)
MR       +....                  (boots unavailable)
Stlth    ++++......             (no amulet)
HPRegen  0.09/turn              h - +6 ring of intelligence
MPRegen  0.14/turn              m - ring of resist corrosion

@: mighty, agile, lethally poisoned (0 -> -2), very slightly contaminated, very
quick
A: very small, unfitting armour, see invisible, clever 1, herbivore, speed 3,
slow metabolism 2
a: no special abilities


You were on level 4 of the Dungeon.
You were not hungry.

You visited 1 branch of the dungeon, and saw 4 of its levels.

You collected 153 gold pieces.

Inventory:

Hand Weapons
 a - a +1 dagger
 b - a +0 blowgun
 g - a +1 dagger of flaming (weapon)
 x - the cursed +1 hand crossbow "Ogrebane" {elec, rPois rN+++ MR+ Dex-5, unknown}
   (You found it on level 4 of the Dungeon)

   It charges the ammunition it shoots with electricity; occasionally upon a
   hit, such missiles may discharge and cause terrible harm.
   It affects your dexterity (-5).
   It protects you from poison.
   It renders you almost immune to negative energy.
   It affects your resistance to hostile enchantments.
   It has a curse placed upon it.
Missiles
 i - 17 poisoned needles
 l - 106 stones (quivered)
 t - 6 curare-tipped needles
Armour
 j - a +2 robe of the Archmagi
 q - a +0 robe
Jewellery
 h - a +6 ring of intelligence (left hand)
 m - a ring of resist corrosion (right hand)
Scrolls
 n - 2 scrolls of remove curse
 s - 2 scrolls of amnesia
 u - a scroll of teleportation
Potions
 r - a potion of flight
 v - a potion of haste
Comestibles
 d - 2 rations


   Skills:
 * Level 3.0 Short Blades
 - Level 3.0 Dodging
 - Level 4.4 Stealth
 - Level 5.3 Spellcasting
 - Level 6.0 Hexes
 + Level 1.8 Ice Magic


You had 9 spell levels left.
You knew the following spells:

 Your Spells              Type           Power        Failure   Level  Hunger
a - Corona                Hex            #####..      1%          1    None
b - Ensorcelled Hibernat  Hex/Ice        ####..       2%          2    None
c - Confuse               Hex            #####...     2%          3    ##.....

Your spell library contained the following spells:

 Spells                   Type           Power        Failure   Level  Hunger
 Tukima's Dance           Hex            #####...     2%          3    ##.....
 Dazzling Spray           Conj/Hex       ###...       8%          3    ##.....


Dungeon Overview and Level Annotations

Branches:
Dungeon (4/15)
 Temple: D:4-7

Altars:
Ashenzari
Cheibriados
Dithmenos
Hepliaklqana
Okawaru
Trog
Vehumet
The Shining One


Innate Abilities, Weirdness & Mutations

You are very small and have problems with some larger weapons.
You are too small for most types of armour.
You have supernaturally acute eyesight. (SInv)
You are a herbivore.
You cover ground extremely quickly.
You need to consume almost no food.
Your mind is acute. (Int +2)


Message History

As you read the scroll labeled VEJORPH VAFEG, it crumbles to dust.
You feel strangely unstable.
It was a scroll of teleportation.
Unknown command.
As you read the scroll labeled WOOFROAHEO, it crumbles to dust.
You assume a fearsome visage.
Nothing appears to happen.
It was a scroll of fear.
* * * LOW HITPOINT WARNING * * *
You feel sick.
Your surroundings suddenly seem different.
* * * LOW HITPOINT WARNING * * *
You feel sick.
Okay, then.
You feel very mighty all of a sudden.
You feel agile all of a sudden.
You eat one of the 3 rations.
That ration really hit the spot!
* * * LOW HITPOINT WARNING * * *
You feel sick.
* * * LOW HITPOINT WARNING * * *
You feel sick.
You die...

≈≈≈##.# #..... ####≈.# #.....
≈≈≈≈§.# #..... ......# #.....
####.## ### ###### #.# ####.#
#.# #########....####### #.#
##.#................#####
#.####.......@...............#
#.##......###.....(..###......
#.#.....#.# ##8...8### ###....
#......#### ###.### ##...
#......# #...# ##.. ##..####
#._.# ### #.## #...# # ###
##### #


There were no monsters in sight!

Vanquished Creatures
  A necrophage (D:4)
  An ogre (D:4)
  A bullfrog skeleton (D:4)
  Jessica (D:2)
  2 worker ants (D:4)
  5 adders
  An ooze (D:2)
  An adder skeleton (D:4)
  A dart slug (D:2)
  2 leopard geckos
  2 orcs (D:2)
  5 bats (D:2)
  4 giant cockroaches
  5 goblins
  7 hobgoblins
  2 jackals (D:2)
  9 kobolds
  A quokka (D:2)
  5 frilled lizards
  A leopard gecko skeleton (D:4)
  6 rats
63 creatures vanquished.

Notes
Turn   | Place    | Note
-------+----------+-------------------------------------------
     0 | D:1      | Kohma the Spriggan Enchanter began the quest for the Orb.
     0 | D:1      | Reached XP level 1. HP: 9/9 MP: 5/5
   711 | D:1      | Reached skill level 4 in Hexes
   729 | D:1      | Reached XP level 2. HP: 13/13 MP: 7/7
   733 | D:1      | Learned a level 2 spell: Ensorcelled Hibernation
  2121 | D:2      | Noticed Jessica
  2123 | D:2      | Found a snail-covered altar of Cheibriados.
  2128 | D:2      | Killed Jessica
  2128 | D:2      | Reached XP level 3. HP: 16/16 MP: 7/9
  2200 | D:2      | Reached skill level 5 in Hexes
  2200 | D:2      | Reached XP level 4. HP: 20/21 MP: 4/11
  3075 | D:2      | Found an iron altar of Okawaru.
  3258 | D:3      | Found a radiant altar of Vehumet.
  3642 | D:3      | Found a shattered altar of Ashenzari.
  3848 | D:4      | Found a shadowy altar of Dithmenos.
  3855 | D:4      | Reached XP level 5. HP: 12/24 MP: 13/13
  4012 | D:4      | Noticed an ogre
  4019 | D:4      | Killed an ogre
  4019 | D:4      | Reached skill level 5 in Spellcasting
  4019 | D:4      | Reached skill level 1 in Ice Magic
  4136 | D:4      | Reached skill level 6 in Hexes
  4193 | D:4      | Found a hazy altar of Hepliaklqana.
  4223 | D:4      | Found a bloodstained altar of Trog.
  4266 | D:4      | Found a glowing golden altar of the Shining One.
  4267 | D:4      | Got an encrusted hand crossbow
  4382 | D:4      | Reached XP level 6. HP: 16/28 MP: 15/15
  4798 | D:4      | Learned a level 3 spell: Confuse
  4846 | D:4      | Gained mutation: Your spells are a little easier to cast,
                  | but a little less powerful. [potion of mutation]
  4846 | D:4      | Lost mutation: Your spells are a little easier to cast, but
                  | a little less powerful. [potion of mutation]
  4846 | D:4      | Gained mutation: Your mind is acute. (Int +2) [potion of
                  | mutation]
  4859 | D:4      | HP: 1/28 [poisoned by a worker ant]
  4867 | D:4      | Succumbed to a worker ant's poison

Skill      XL: |  1  2  3  4  5  6 |
---------------+-------------------+-----
Spellcasting   | 3 4 5 |  5.3
Hexes          | 4 5 6 |  6.0
Ice Magic      | 1 |  1.8
Short Blades   | 3 |  3.0
Dodging        | |  3.0
Stealth        | |  4.4

Action                   |  1- 3 |  4- 6 || total
-------------------------+-------+-------++-------
Melee: Dagger            |    69 |   120 ||   189
Throw: Stone             |       |     5 ||     5
 Cast: Corona            |     8 |       ||     8
       Ensorcelled Hiber |     9 |    29 ||    38
  Use: Scroll            |       |    12 ||    12
       Potion            |       |     3 ||     3
 Stab: Sleeping          |    16 |    19 ||    35
  Eat: Ration            |       |     2 ||     2
Armor: Robe              |     7 |    15 ||    22
Dodge: Dodged            |    41 |   104 ||   145
